[Event "Early-Titled-Tuesday-Blitz-March-26-2024"]
[Site "Chess.com"]
[Date "2024.03.26"]
[Round "11"]
[White "kidagent"]
[Black "WindWhistler11"]
[Result "0-1"]
[WhiteElo "2329"]
[BlackElo "2446"]
[TimeControl "180+1"]
[EndTime "10:04:24 PDT"]
[Termination "WindWhistler11 won by checkmate"]

1. e4 e6 2. d4 d5 3. Nd2 Nf6 4. e5 Nfd7 5. f4 c5 6. c3 Nc6 7.
Ndf3 Rb8 8. Bd3 b5 9. Ne2 g6 10. O-O Be7 11. g4 h5 12. h3 hxg4 13. hxg4 c4 14. Bc2 Nb6 15. f5 gxf5 16. gxf5 Rg8+ 17.
Kf2 Bh4+ 18. Ke3 b4 19. f6 Bg5+ 20. Nxg5 Rxg5 21. Rh1 Kd7 22. Kf2 Rg4 23. Nf4 Qg8 24. Be3 b3 25. axb3 cxb3 26. Bxb3 Nc4 27. Bxc4 dxc4 28.
Ra2 Bb7 29. Rg1 Rxg1 30. Qxg1 Qh7 31. Qg7 Qc2+ 32. Ne2 Qf5+ 33. Bf4 Nd8 34. Qf8 Qe4 35. Qd6+ Kc8 36. Rxa7 Qf3+ 37. Ke1 Qh1+ 38. Kd2 Qg2 39. Ra5 Bc6 40. Rc5 Rxb2+ 41. Kc1 Rxe2 42. d5 Qf1# 0-1

[Event "Early-Titled-Tuesday-Blitz-March-26-2024"]
[Site "Chess.com"]
[Date "2024.03.26"]
[Round "11"]
[White "Kirill_Klukin"]
[Black "Orest_Vovk"]
[Result "1-0"]
[WhiteElo "2828"]
[BlackElo "2598"]
[TimeControl "180+1"]
[EndTime "10:04:25 PDT"]
[Termination "Kirill_Klukin won on time"]

1. d4 Nc6 2. Nf3 Nf6 3. d5 Nb8 4. c4 e6 5. Nc3 Bb4 6. Bd2 O-O 7. e3 d6 8. a3 Bxc3 9. Bxc3 e5 10. Be2 Ne4 11. Qc2 Nxc3 12. Qxc3 f5 13. b4 Nd7 14.
O-O h6 15. c5 Nf6 16. Rfd1 Ne4 17. Qc2 Bd7 18. Bd3 Ng5 19. Nxg5 Qxg5 20. cxd6 f4 21. exf4 exf4 22. dxc7 Bg4 23. Be4 Bxd1 24. Rxd1 f3 25. g3 Qg4 26. d6 Rae8 27. d7 Rxe4 28. c8=Q Qe6 29. Qxf8+ Kh7 30. d8=Q g6 31. Qxe4 1-0

[Event "Early-Titled-Tuesday-Blitz-March-26-2024"]
[Site "Chess.com"]
[Date "2024.03.26"]
[Round "11"]
[White "Durarbayli"]
[Black "Grischuk"]
[Result "0-1"]
[WhiteElo "2937"]
[BlackElo "3072"]
[TimeControl "180+1"]
[EndTime "10:04:30 PDT"]
[Termination "Grischuk won on time"]

1. e4 e5 2. Nf3 Nc6 3. d4 exd4 4. Nxd4 Qf6 5. Ne2 Bb4+ 6. Nbc3 Nge7 7. a3 Ba5 8. Be3 O-O 9. Qd2 b5 10. Bg5 Qe6 11. h4 b4 12. axb4 Bxb4 13. g3 d5 14. Bh3 Qe5 15. Bf4 Qh5 16. Bxc8 Rfxc8 17. exd5 Nxd5 18.
O-O Rd8 19. Qc1 Bxc3 20. Nxc3 Nd4 21. Kh2 Nb4 22. Ra4 Nbxc2 23. Bxc7 Re8 24. Qf4 Ne6 25. Qe5 Qf3 26. Bd6 Rad8 0-1

[Event "Early-Titled-Tuesday-Blitz-March-26-2024"]
[Site "Chess.com"]
[Date "2024.03.26"]
[Round "11"]
[White "mary-sanna"]
[Black "abelmat"]
[Result "0-1"]
[WhiteElo "2208"]
[BlackElo "2078"]
[TimeControl "180+1"]
[EndTime "10:04:30 PDT"]
[Termination "abelmat won by resignation"]

1. d4 d5 2. c4 e6 3. Nf3 Nf6 4.
g3 Be7 5. Bg2 O-O 6. O-O dxc4 7.
Ne5 Nc6 8. Nxc6 bxc6 9. Bxc6 Rb8 10. Bg5 Bb7 11. Bxb7 Rxb7 12. Na3 c3 13. Nc4 cxb2 14. Rb1 Qd5 15. Rxb2 Rxb2 16. Nxb2 Qxg5 17. Qa4 Qd2 18.
Nd3 Qxe2 19. Nf4 Qf3 20. Qxa7 Bd6 21. Ng2 h5 22. a4 Ra8 23. Nh4 Qd5 24. Qxa8+ Qxa8 25. Rb1 Qxa4 26. Ng2 g6 27. Rb8+ Kg7 28. Ne3 Qxd4 29.
Rb1 Bc5 30. h3 Nd5 31. Nxd5 Qxf2+ 32. Kh1 exd5 33. g4 Qf3+ 34. Kh2 Bd6+ 35. Kg1 Qg3+ 36.
Kh1 Qxh3+ 37. Kg1 Qxg4+ 0-1

[Event "Early-Titled-Tuesday-Blitz-March-26-2024"]
[Site "Chess.com"]
[Date "2024.03.26"]
[Round "11"]
[White "Polish_fighter3000"]
[Black "baki83"]
[Result "1-0"]
[WhiteElo "3127"]
[BlackElo "2902"]
[TimeControl "180+1"]
[EndTime "10:04:31 PDT"]
[Termination "Polish_fighter3000 won by resignation"]

1. e4 c5 2. Nf3 e6 3. d4 cxd4 4. Nxd4 Nc6 5. Nc3 Qc7 6. Be3 a6 7. a3 b5 8. Nxc6 Qxc6 9. Be2 Bb7 10. O-O Bc5 11. Bd4 Nf6 12. Bf3 Bxd4 13. Qxd4 Qc4 14.
Qb6 Qc6 15. Qe3 e5 16. Qg5 Qe6 17. Qxg7 O-O-O 18. Qh6 Rdg8 19. Rfd1 Rg6 20. Qe3 Rhg8 21. g3 Ng4 22. Qc5+ Kb8 23. Bxg4 Rxg4 24. Rd6 Qe7 25. Rad1 Rc8 26. Qb6 Qd8 27. Qxd8 Rxd8 28. Rxd7 Rxd7 29.
Rxd7 f6 30. Rxh7 Rg8 31. Rd7 a5 32. f3 b4 33. axb4 axb4 34. Nd5 Bc6 35. Ne7 Bxd7 36.
Nxg8 b3 37. cxb3 Be6 38. Nxf6 Kc7 39. b4 Kd6 40. Kf2 Ke7 41. Nd5+ Bxd5 42. exd5 1-0

[Event "Early-Titled-Tuesday-Blitz-March-26-2024"]
[Site "Chess.com"]
[Date "2024.03.26"]
[Round "11"]
[White "Zampronha1971"]
[Black "Tolya2"]
[Result "0-1"]
[WhiteElo "2360"]
[BlackElo "2481"]
[TimeControl "180+1"]
[EndTime "10:04:31 PDT"]
[Termination "Tolya2 won by resignation"]

1. e4 c5 2. Nf3 d6 3. d4 cxd4 4.
Nxd4 Nf6 5. Nc3 a6 6. Bg5 Nbd7 7. f4 Qc7 8. Qf3 h6 9. Bxf6 Nxf6 10. f5 Rg8 11.
O-O-O g5 12. Kb1 Bg7 13. h4 g4 14. Qf4 b5 15. Be2 h5 16. Rhe1 Bb7 17. Nd5 Bxd5 18. exd5 Kf8 19. Nb3 Nd7 20. Qg5 Rh8 21. Qe3 Bf6 22.
g3 Rc8 23. Bd3 Ne5 24. Nd4 Kg7 25. Nc6 Nxc6 26. dxc6 Qxc6 27. Be4 Qc5 28. Qxc5 Rxc5 29. Rd5 Rhc8 30. Red1 Rc4 31. Bd3 Rb4 32. b3 Be5 33. a3 Rd4 34. Rxd4 Bxd4 35. Bxb5 Be5 36. Bxa6 Ra8 37.
Bc4 Rxa3 38. c3 Bxc3 39. Kc2 Be5 40. Rd3 Ra2+ 41. Kb1 Rg2 42. b4 Rxg3 43. Rxg3 Bxg3 44. b5 Bxh4 45. b6 Bf2 46. b7 Ba7 47. Kc2 Kf6 48. Kd3 h4 49. Ke2 h3 50. Kf1 g3 51. Bd5 g2+ 52.
Bxg2 hxg2+ 0-1

[Event "Early-Titled-Tuesday-Blitz-March-26-2024"]
[Site "Chess.com"]
[Date "2024.03.26"]
[Round "11"]
[White "DinaBelenkaya"]
[Black "arenal72"]
[Result "0-1"]
[WhiteElo "2468"]
[BlackElo "2617"]
[TimeControl "180+1"]
[EndTime "10:04:36 PDT"]
[Termination "arenal72 won by resignation"]

1. g3 d5 2. Bg2 e5 3. d3 g6 4.
Nd2 Bg7 5. e4 Ne7 6. Ne2 O-O 7.
O-O Nbc6 8. Qe1 f5 9. exd5 Nxd5 10. Nc4 Be6 11. a3 Qd7 12. h4 Rae8 13. Nc3 Nd4 14. Qd1 f4 15. Ne4 b6 16. c3 f3 17. Bh1 Ne2+ 18.
Kh2 Bg4 19. Ne3 Kh8 20. Nxg4 Qxg4 21. Re1 Ndf4 22. Bxf4 exf4 23. Bxf3 fxg3+ 24. fxg3 Rxf3 25. Qxe2 Rxe4 26. dxe4 Qxg3+ 27. Kh1 Qxh4+ 28. Kg1 Rg3+ 29. Kf1 Qf4+ 30. Qf2 Rf3 31. Qxf3 Qxf3+ 32. Kg1 Be5 33. Rad1 h5 34. Rd8+ Kh7 35. Rd7+ Kh6 36.
Rd2 Bf4 37. Rde2 Be5 38. Rd1 Qxe2 0-1

[Event "Early-Titled-Tuesday-Blitz-March-26-2024"]
[Site "Chess.com"]
[Date "2024.03.26"]
[Round "11"]
[White "ArchibaldCerveza29"]
[Black "AccioChess"]
[Result "0-1"]
[WhiteElo "2372"]
[BlackElo "2515"]
[TimeControl "180+1"]
[EndTime "10:04:36 PDT"]
[Termination "AccioChess won on time"]

1. e4 e6 2. d4 d5 3. Nd2 c5 4.
exd5 exd5 5. Ngf3 Nf6 6. Bb5+ Bd7 7. Qe2+ Qe7 8. Ne5 Nc6 9. Nxd7 Qxe2+ 10. Bxe2 Kxd7 11. dxc5 Bxc5 12. O-O Rhe8 13. Bf3 Ne5 14. Nb3 Nxf3+ 15. gxf3 Bb6 16. Bg5 Nh5 17. Rad1 Re5 18. Bh4 Kc6 19. Bg3 Re2 20. Rd2 Rae8 21. c3 Rxd2 22.
Nxd2 Re2 23. Nb3 Rxb2 24. Be5 Rxa2 25. Nd4+ Kd7 26. Rb1 f6 27. Bg3 Nxg3 28. hxg3 Rd2 29. Rb4 Bxd4 30. cxd4 Kc6 31. Kg2 a5 32. Ra4 Kb5 33.
Ra1 Rxd4 34. f4 a4 35. f5 Kb4 36. Rb1+ Kc3 37. Rxb7 a3 38. Ra7 Kb3 39. Rxg7 a2 40. Rb7+ Rb4 41. Ra7 Ra4 42. Rb7+ Kc2 43. Rc7+ Kd2 44.
Rb7 a1=Q 0-1

[Event "Early-Titled-Tuesday-Blitz-March-26-2024"]
[Site "Chess.com"]
[Date "2024.03.26"]
[Round "11"]
[White "arnash_bauyrzhan"]
[Black "Boorchess"]
[Result "0-1"]
[WhiteElo "2361"]
[BlackElo "2533"]
[TimeControl "180+1"]
[EndTime "10:04:36 PDT"]
[Termination "Boorchess won by checkmate"]

1. e4 e5 2. Nf3 Nf6 3. Nxe5 d6 4. Nf3 Nxe4 5. d4 d5 6. Bd3 Bd6 7. O-O O-O 8. c4 c6 9. cxd5 cxd5 10. Nc3 Nxc3 11.
bxc3 Bg4 12. Rb1 Nd7 13. Rb5 Nb6 14. h3 Bd7 15. Rb1 Rc8 16. Bd2 h6 17. Re1 Re8 18. Rxe8+ Qxe8 19. Qe1 Qxe1+ 20. Bxe1 Rc7 21. Bb5 Bf5 22.
Rb2 Kf8 23. a4 Nc4 24. Bxc4 dxc4 25. Bd2 b6 26. Ne5 Bxe5 27. dxe5 Rd7 28. Be3 Rd1+ 29.
Kh2 Ra1 30. Rb4 Be6 31. g4 Ke8 32. Bd4 Kd7 33. f4 Kc6 34. f5 Bd5 35. e6 fxe6 36.
fxe6 g5 37. e7 Kd7 38. Bf6 Ra2+ 39. Kg3 Rg2# 0-1

[Event "Early-Titled-Tuesday-Blitz-March-26-2024"]
[Site "Chess.com"]
[Date "2024.03.26"]
[Round "11"]
[White "Elegance_Riks"]
[Black "Boundless_Strike"]
[Result "1-0"]
[WhiteElo "2781"]
[BlackElo "2615"]
[TimeControl "180+1"]
[EndTime "10:04:37 PDT"]
[Termination "Elegance_Riks won on time"]

1. Nf3 d6 2. d4 e5 3. dxe5 Bg4 4. g3 Nc6 5. exd6 Bxd6 6. Bg2 Qe7 7. O-O O-O-O 8.
Bd2 h5 9. h4 f6 10. Qc1 g5 11.
hxg5 h4 12. Nxh4 Qe6 13. Nc3 Bh3 14. Bd5 Qd7 15. Ng6 Rh7 16. Nf4 Nd4 17. Be3 Bxf4 18.
Bxf4 Bxf1 19. Qxf1 c6 20. Be4 Rh8 21. Rd1 Qe6 22.
Be3 Nf5 23. Rxd8+ Kxd8 24. Qd1+ Nd6 25. Bg2 Kc7 26. Qd4 b6 27. Bf4 1-0

[Event "Early-Titled-Tuesday-Blitz-March-26-2024"]
[Site "Chess.com"]
[Date "2024.03.26"]
[Round "11"]
[White "Kate1606"]
[Black "gpsji27"]
[Result "1-0"]
[WhiteElo "2196"]
[BlackElo "2323"]
[TimeControl "180+1"]
[EndTime "10:04:37 PDT"]
[Termination "Kate1606 won by resignation"]

1. e4 e5 2. Nf3 Nc6 3. d4 exd4 4. Bc4 Bc5 5. c3 d3 6. Qxd3 d6 7. O-O Nf6 8. b4 Bb6 9. a4 a5 10. b5 Ne7 11. Bg5 Ng6 12. e5 dxe5 13. Qxd8+ Kxd8 14.
Bxf7 Ke7 15. Bxg6 hxg6 16. Nxe5 Bf5 17. Nd2 Rad8 18. Ndf3 Bc5 19. Rfe1 Kf8 20. g4 Bc2 21.
Rac1 Bxa4 22. Nxg6+ Kf7 23. Nxh8+ Rxh8 24. Ne5+ Kg8 25. c4 Rh3 26. Kg2 Rb3 27. Bxf6 gxf6 28. Nd7 Bd4 29. Re4 Rd3 30. Rce1 Bb3 31. Re8+ Kf7 32.
R1e7+ Kg6 33. Rg8+ Kh6 34. Nf8 1-0

[Event "Early-Titled-Tuesday-Blitz-March-26-2024"]
[Site "Chess.com"]
[Date "2024.03.26"]
[Round "11"]
[White "HansOnTwitch"]
[Black "Rud_Makarian"]
[Result "0-1"]
[WhiteElo "3114"]
[BlackElo "3109"]
[TimeControl "180+1"]
[EndTime "10:04:38 PDT"]
[Termination "Rud_Makarian won by resignation"]

1. e4 c5 2. Nf3 d6 3. d4 cxd4 4. Nxd4 Nf6 5. Nc3 a6 6. h3 e6 7. g4 h6 8. a3 Be7 9. Be3 Nc6 10. Qe2 Nxd4 11. Bxd4 e5 12. Be3 Be6 13. O-O-O Rc8 14. Nd5 Nxd5 15. exd5 Bd7 16. Kb1 b5 17. Qd2 Rb8 18. Bd3 a5 19. f4 exf4 20. Bxf4 b4 21. axb4 axb4 22. Rde1 O-O 23. Rxe7 Qxe7 24. Re1 Qf6 25.
g5 hxg5 26. Bxg5 Qf3 27. Be4 Qh5 28. Rg1 f5 29. Bd3 Rf7 30. b3 Qf3 31. Bf4 Qxd5 32. Rg6 Ra8 33. Kb2 Qd4+ 34. c3 bxc3+ 35. Qxc3 Ra2+ 0-1

[Event "Early-Titled-Tuesday-Blitz-March-26-2024"]
[Site "Chess.com"]
[Date "2024.03.26"]
[Round "11"]
[White "quizden37"]
[Black "Revan_2002"]
[Result "0-1"]
[WhiteElo "2835"]
[BlackElo "2625"]
[TimeControl "180+1"]
[EndTime "10:04:38 PDT"]
[Termination "Revan_2002 won by resignation"]

1. Nf3 g6 2. c4 Bg7 3. Nc3 d6 4. g3 Nc6 5. Bg2 e5 6. O-O Nge7 7. b3 O-O 8. Bb2 Be6 9. e3 Qd7 10. d4 Bh3 11. dxe5 Bxg2 12. Kxg2 Nxe5 13. Nd5 Nxd5 14.
Nxe5 Nxe3+ 15. fxe3 Bxe5 16. Bxe5 Qc6+ 17. Qd5 Qxd5+ 18.
cxd5 dxe5 19. Rac1 Rac8 20. Rc5 Rfd8 21. Rfc1 Rd7 22. Kf3 f6 23. Ke4 Kf7 24. g4 Ke7 25. g5 f5+ 26. Kxe5 Re8 27. R1c4 Kd8+ 28. Kf4 Rde7 29.
Rc3 Re4+ 30. Kf3 R8e7 31. a4 Rd7 32. d6 c6 33. b4 Rxb4 34. a5 a6 35. Rd3 Re4 36.
Rc2 Re5 37. Ra2 Ke8 38. Kf4 Rb5 39. Ra4 Kf7 40. e4 Ke6 41. exf5+ Rxf5+ 42. Kg4 Rxd6 43. Re4+ Kd7 44. Rb3 Rb5 45. Rxb5 axb5 46. Kf4 Re6 47. Rd4+ Kc7 48. h4 Re7 49. Rd1 c5 50. Rd5 Kc6 51.
Rd8 b4 52. Rc8+ Kb5 53. Ra8 b3 0-1

[Event "Early-Titled-Tuesday-Blitz-March-26-2024"]
[Site "Chess.com"]
[Date "2024.03.26"]
[Round "11"]
[White "Byniolus"]
[Black "lucasran"]
[Result "1-0"]
[WhiteElo "2735"]
[BlackElo "2611"]
[TimeControl "180+1"]
[EndTime "10:04:40 PDT"]
[Termination "Byniolus won by resignation"]

1. e4 e5 2. Nf3 Nc6 3. Be2 Nf6 4. d3 Bc5 5. O-O d6 6. c3 O-O 7.
b4 Bb6 8. Nbd2 h6 9. Nc4 Be6 10.
Qc2 Ne7 11. a4 c6 12. Nxb6 axb6 13. d4 Ng6 14. Rd1 Qc7 15. h3 Rfe8 16. Be3 d5 17. Nxe5 Nxe5 18. dxe5 Qxe5 19. Bxb6 Nxe4 20. Bd3 Nf6 21.
Re1 Qd6 22. Re3 Bd7 23. Rae1 Rxe3 24. Rxe3 Re8 25. Qe2 Rxe3 26. Qxe3 Qe6 27. a5 Qxe3 28. Bxe3 Bc8 29. f3 Ne8 30. Bf4 Kf8 31. Kf2 Ke7 32. Ke3 Nf6 33. Kd4 Be6 34. Be5 Ne8 35. Kc5 Kd7 36. Kb6 Kc8 37. a6 bxa6 38. Kxc6 f6 39. Bxa6+ Kd8 40. Bg3 Ke7 41. b5 Bd7+ 42. Kc5 f5 43. b6 Nf6 44. b7 Be6 45. Bb5 Nd7+ 46. Bxd7 Kxd7 47. b8=Q 1-0

[Event "Early-Titled-Tuesday-Blitz-March-26-2024"]
[Site "Chess.com"]
[Date "2024.03.26"]
[Round "11"]
[White "tusplingher"]
[Black "profedechess93"]
[Result "1-0"]
[WhiteElo "2526"]
[BlackElo "2633"]
[TimeControl "180+1"]
[EndTime "10:04:40 PDT"]
[Termination "tusplingher won by resignation"]

1. e4 e6 2. d4 d5 3. Nc3 Nf6 4. Bg5 Be7 5. e5 Nfd7 6. Bxe7 Qxe7 7. f4 a6 8. Nf3 c5 9. dxc5 Nc6 10. Qd2 Qxc5 11. O-O-O b5 12. Nd4 Bb7 13. Nce2 Rc8 14.
Nxc6 Bxc6 15. Nd4 Nb6 16. f5 Bd7 17. Qg5 g6 18. fxe6 fxe6 19. Bd3 Qe7 20. Qg3 Nc4 21. Bxc4 Rxc4 22. Rhf1 Rf8 23. Nb3 Kd8 24. Qe3 Rxf1 25. Rxf1 Bc8 26. Na5 Qc7 27. Nxc4 Qxc4 28. Qg5+ Kc7 29.
Qe7+ Kb6 30. Qd6+ Ka5 31. Rf3 b4 32. a3 d4 33. axb4+ Kb5 34. Qb8+ Kc6 35. Qxc8+ 1-0

[Event "Early-Titled-Tuesday-Blitz-March-26-2024"]
[Site "Chess.com"]
[Date "2024.03.26"]
[Round "11"]
[White "Shield12"]
[Black "Yaacovn"]
[Result "1-0"]
[WhiteElo "3009"]
[BlackElo "2920"]
[TimeControl "180+1"]
[EndTime "10:04:43 PDT"]
[Termination "Shield12 won on time"]

1. e4 c6 2. Nf3 d5 3. Nc3 dxe4 4. Nxe4 Nf6 5. Qe2 Bg4 6. h3 Bxf3 7. Nxf6+ gxf6 8.
Qxf3 Qd5 9. Be2 Nd7 10. c3 Rg8 11. g3 O-O-O 12. d4 e6 13. Be3 f5 14. Qxd5 cxd5 15. g4 fxg4 16. hxg4 Nf6 17. g5 Ne4 18. Rxh7 Nxg5 19. Bxg5 Rxg5 20. Rxf7 Bd6 21. Kd2 Rf8 22. Rxf8+ Bxf8 23. Rh1 Kd7 24. Rh8 Rf5 25. Rh7+ Be7 26. Ke3 Kd6 27. Bg4 Rf8 28. f4 Rg8 29. Kf3 Rf8 30.
Rg7 b6 31. Ke3 a5 32. a3 b5 33. Be2 b4 34. axb4 axb4 35. cxb4 Rh8 36. Bg4 Rh1 37. Rg6 Re1+ 38. Kd3 Kd7 39. b5 Bd8 40. f5 exf5 41.
Bxf5+ Ke7 42. b6 Rd1+ 43. Kc3 Rc1+ 44. Bc2 Kd7 45. b7 Kc7 46. Rg7+ Kb8 47. Rg8 1-0

[Event "Early-Titled-Tuesday-Blitz-March-26-2024"]
[Site "Chess.com"]
[Date "2024.03.26"]
[Round "11"]
[White "Kavyev_Ruslan"]
[Black "Kotlyar_K"]
[Result "1/2-1/2"]
[WhiteElo "2385"]
[BlackElo "2551"]
[TimeControl "180+1"]
[EndTime "10:04:44 PDT"]
[Termination "Game drawn by repetition"]

1. d4 Nf6 2. c4 g6 3. Nf3 Bg7 4.
g3 c6 5. Bg2 d5 6. O-O O-O 7.
Qb3 Qb6 8. c5 Qxb3 9. axb3 Na6 10. Bd2 Nd7 11. b4 e5 12. dxe5 Nxe5 13. Nxe5 Bxe5 14.
Bc3 d4 15. Bd2 Be6 16. Na3 Rad8 17. Be4 Nc7 18. Bd3 a6 19. Nc4 Bg7 20. Kg2 Nd5 21. Rfe1 f5 22. Nd6 Rd7 23. Nc4 f4 24. Ra4 Bg4 25.
f3 Be6 26. gxf4 Nxf4+ 27. Bxf4 Rxf4 28. Nd6 Bd5 29. Ne4 h6 30. Kg3 g5 31. Kg2 Rff7 32. h3 Be5 33. Ng3 Bf4 34. Rb1 Rfe7 35. Nf5 Re6 36. Ng3 Rf7 37. Ne4 Rfe7 38. Kf2 Kg7 39.
Kg2 Be3 40. Ng3 Kf8 41. Ne4 Bf4 42. Kf2 Be3+ 43. Kg2 Bf4 44. Kf2 Be3+ 45. Kg2 1/2-1/2

[Event "Early-Titled-Tuesday-Blitz-March-26-2024"]
[Site "Chess.com"]
[Date "2024.03.26"]
[Round "11"]
[White "Mikhail_Bryakin"]
[Black "Staudenhocker43"]
[Result "1-0"]
[WhiteElo "2855"]
[BlackElo "2577"]
[TimeControl "180+1"]
[EndTime "10:04:46 PDT"]
[Termination "Mikhail_Bryakin won by resignation"]

1. e4 c5 2. d4 cxd4 3. Qxd4 Nc6 4. Qd3 Nf6 5. Nc3 e6 6. Bf4 Bb4 7. O-O-O O-O 8. Bd6 Bxd6 9. Qxd6 Ne8 10. Qg3 d6 11. h4 Qe7 12. h5 h6 13. f4 Nc7 14. Nf3 Rb8 15. Rh4 Kh8 16. e5 dxe5 17. fxe5 Nb4 18.
Rg4 Rg8 19. Bd3 Nxd3+ 20. Rxd3 Bd7 21. Rdd4 Bc6 22. Nh4 Rbd8 23. Rdf4 Nd5 24. Nxd5 Rxd5 25. Rf1 Qc7 26. Re1 Bb5 27. a4 Bd3 28. c3 Bh7 29. Ng6+ fxg6 30. hxg6 Rgd8 31. gxh7 Qd7 32. Qf3 Rd3 33.
Qf1 Rd2 34. Rf4 Kxh7 35. Qf3 Kg8 36. Rf1 Rd3 37. Rf8+ Rxf8 38. Qxf8+ Kh7 39. Qf4 Qd5 40. Kc2 Qd7 41. Qe4+ Kg8 42. Qxd3 Qxa4+ 43. Kb1 1-0

[Event "Early-Titled-Tuesday-Blitz-March-26-2024"]
[Site "Chess.com"]
[Date "2024.03.26"]
[Round "11"]
[White "NikitaShnadrygin"]
[Black "CADMartin"]
[Result "0-1"]
[WhiteElo "2648"]
[BlackElo "2545"]
[TimeControl "180+1"]
[EndTime "10:04:46 PDT"]
[Termination "CADMartin won by resignation"]

1. e4 c5 2. Nf3 e6 3. d4 cxd4 4. Nxd4 a6 5. Bd3 Bc5 6. Nb3 Ba7 7. c4 Nc6 8. O-O Nge7 9. Nc3 Qc7 10. Qe2 O-O 11. Be3 b6 12. Rac1 Bb8 13. f4 Qb7 14. c5 b5 15. e5 f6 16. exf6 Rxf6 17. Ne4 Rf8 18. Nd6 Bxd6 19. cxd6 Nd5 20. Be4 Nf6 21.
Bf3 a5 22. Nc5 Qb8 23. Nxe6 dxe6 24. Rxc6 Ra6 25. Rfc1 Bb7 26. Rxa6 Bxa6 27. Bc5 Bc8 28. d7 Bxd7 29. Bxf8 Qxf4 30. Rd1 Kxf8 31. Qf2 Qc7 32.
Kh1 Ke7 33. h3 b4 34. a3 Ba4 35. Re1 Kf7 36. Qh4 Qc5 37. axb4 axb4 38. Bg4 Bb3 39.
Qg3 Bd5 40. Bf3 Bc4 41. Qe5 Qxe5 42. Rxe5 Ke7 43. Re4 Nxe4 44. Bxe4 h6 45. Kg1 Kd6 46. Kf2 Ke5 47. Bf3 Kd4 48. Ke1 Ke3 49. Bg4 e5 50. Bc8 Bd5 51. g4 g5 0-1

[Event "Early-Titled-Tuesday-Blitz-March-26-2024"]
[Site "Chess.com"]
[Date "2024.03.26"]
[Round "11"]
[White "JJDAREK"]
[Black "orkinyo12345"]
[Result "0-1"]
[WhiteElo "2381"]
[BlackElo "2534"]
[TimeControl "180+1"]
[EndTime "10:04:46 PDT"]
[Termination "orkinyo12345 won on time"]

1. d4 Nf6 2. c4 e6 3. Nf3 d5 4. Nc3 Bb4 5. Qa4+ Nc6 6. e3 O-O 7. Qc2 dxc4 8. Bxc4 Qe7 9. O-O e5 10. dxe5 Nxe5 11. Nxe5 Qxe5 12. f4 Qc5 13. Bd3 Re8 14. Kh1 Bg4 15. e4 g6 16. e5 Bxc3 17. Qxc3 Qxc3 18.
bxc3 Rad8 19. Bc2 Nd5 20. Rb1 b6 21. Rb3 Be2 22. Re1 Bc4 23. Ra3 a5 24. f5 Ne7 25.
Bg5 gxf5 26. Ra4 Be6 27. Rh4 Rd5 28. Bf6 Ng6 29. Rh3 Rd2 30. Ba4 Rb8 31. Bb3 f4 32. Rf3 Bg4 0-1

[Event "Early-Titled-Tuesday-Blitz-March-26-2024"]
[Site "Chess.com"]
[Date "2024.03.26"]
[Round "11"]
[White "frequentblunders"]
[Black "BallottiLuca"]
[Result "1-0"]
[WhiteElo "2209"]
[BlackElo "2347"]
[TimeControl "180+1"]
[EndTime "10:04:48 PDT"]
[Termination "frequentblunders won by resignation"]

1. d3 d5 2. f4 Nf6 3. Nf3 b6 4.
Nbd2 Bb7 5. g3 Nbd7 6. Bg2 e6 7. O-O Bd6 8. Qe1 O-O 9. e4 e5 10. f5 dxe4 11. dxe4 Bc5+ 12. Kh1 Ng4 13. Nb3 Ba6 14. Nxc5 Bxf1 15. Qxf1 Nxc5 16. h3 Nxe4 17. Qe1 Ngf2+ 18. Kh2 Qd1 19. Be3 Qxc2 20. Rc1 Qxb2 21. Rxc7 Qxa2 22. Nxe5 Rfe8 23. Nxf7 Rac8 24. Rxc8 Rxc8 25. Bxf2 Nxf2 26. Nd6 Rd8 27. Qe7 Rf8 28. Kg1 Nd3 29. Qb7 Qf2+ 30.
Kh2 Nc5 31. Qd5+ Kh8 32. Nf7+ Kg8 33. Nh6+ Kh8 34. Qg8+ 1-0

[Event "Early-Titled-Tuesday-Blitz-March-26-2024"]
[Site "Chess.com"]
[Date "2024.03.26"]
[Round "11"]
[White "NastyaHn"]
[Black "AnaKuchava"]
[Result "0-1"]
[WhiteElo "2429"]
[BlackElo "2171"]
[TimeControl "180+1"]
[EndTime "10:04:49 PDT"]
[Termination "AnaKuchava won on time"]

1. Nc3 d5 2. e4 d4 3. Nce2 e5 4. Nf3 Nc6 5. Ng3 Bd6 6. a4 Nf6 7. Bc4 O-O 8. d3 h6 9. O-O Be6 10. b3 Qe7 11. Nh4 Qd7 12. Nhf5 Ne7 13. Qf3 Ng6 14.
Nxh6+ gxh6 15. Qxf6 Be7 16. Qf3 Bg4 17. Qf5 Bxf5 18.
Nxf5 Bg5 19. g3 Bxc1 20. Raxc1 Kh7 21. f4 exf4 22. gxf4 a6 23. a5 b5 24. axb6 cxb6 25. Kh1 Rg8 26. Bd5 Rad8 27. Nxd4 Qh3 28. Rf3 Qh5 29.
Rcf1 Rxd5 30. exd5 Qxd5 31. Ne2 Nh4 0-1

[Event "Early-Titled-Tuesday-Blitz-March-26-2024"]
[Site "Chess.com"]
[Date "2024.03.26"]
[Round "11"]
[White "KVAIDAN"]
[Black "Better_Chess_Faster"]
[Result "1-0"]
[WhiteElo "2350"]
[BlackElo "2184"]
[TimeControl "180+1"]
[EndTime "10:04:50 PDT"]
[Termination "KVAIDAN won on time"]

1. f4 c5 2. Nf3 g6 3. e4 Bg7 4. Be2 Nc6 5. O-O e6 6. d3 Nge7 7. Nc3 O-O 8. Qe1 d6 9. f5 gxf5 10. Qh4 fxe4 11. dxe4 Ng6 12. Qh5 e5 13. Nd5 Nd4 14.
Bd1 Nxf3+ 15. Rxf3 Be6 16. Bg5 f6 17. Be3 Bxd5 18. exd5 Rf7 19. Rh3 Nf8 20. Bg4 f5 21. Bxf5 Rxf5 22. Qxf5 Qb6 23. b3 Qb4 24. Rf1 e4 25. Rg3 Ng6 26. Qe6+ Kh8 27. h4 Be5 28. Rg5 Qc3 29. Bf2 Nf4 30. Qf7 Bf6 31. Rf5 Ne2+ 32. Kh1 Bg7 33. h5 Ng3+ 34. Bxg3 Qxg3 35. Qe7 Be5 36.
Rf8+ Rxf8 37. Rxf8+ Qg8 38. Rxg8+ Kxg8 39. g4 e3 40. Kg2 1-0

[Event "Early-Titled-Tuesday-Blitz-March-26-2024"]
[Site "Chess.com"]
[Date "2024.03.26"]
[Round "11"]
[White "SashaKuzhilniy"]
[Black "temus_galaktionov"]
[Result "1/2-1/2"]
[WhiteElo "2646"]
[BlackElo "2868"]
[TimeControl "180+1"]
[EndTime "10:04:51 PDT"]
[Termination "Game drawn by repetition"]

1. c4 c6 2. d4 g6 3. Nf3 Bg7 4. Nc3 d6 5. e4 Nd7 6. Be2 e5 7. O-O Ngf6 8. Be3 O-O 9. Qc2 Qe7 10. d5 c5 11. Ne1 Ne8 12. Nd3 f5 13. f3 f4 14. Bf2 g5 15. b4 b6 16. bxc5 bxc5 17. Rab1 h5 18. Qa4 Nb8 19. Nb5 Na6 20. Qa5 g4 21.
Nxd6 Nxd6 22. Nxc5 Nxc5 23. Bxc5 g3 24. Bd3 gxh2+ 25.
Kh1 Rf6 26. Bxd6 Rxd6 27. c5 Rg6 28. Rf2 Bf8 29. d6 Qh4 30. Bc4+ Kh8 31. Qd2 Bd7 32. Rb7 Rg7 33. Rxd7 Rxd7 34. Qd5 Rg7 35. Qxa8 Qxf2 36. Qxf8+ Kh7 37. Qf5+ Kh6 38. Qf6+ Rg6 39. Qf8+ Kg5 40. Qe7+ Kh6 41. Qf8+ Rg7 42. Qf6+ Kh7 43. Qf5+ Kh6 44. Qf6+ 1/2-1/2

[Event "Early-Titled-Tuesday-Blitz-March-26-2024"]
[Site "Chess.com"]
[Date "2024.03.26"]
[Round "11"]
[White "Mikhail_Golubev"]
[Black "venturov"]
[Result "1/2-1/2"]
[WhiteElo "2686"]
[BlackElo "2525"]
[TimeControl "180+1"]
[EndTime "10:04:51 PDT"]
[Termination "Game drawn by repetition"]

1. e4 Nf6 2. e5 Nd5 3. d4 d6 4. Nf3 dxe5 5. Nxe5 c6 6. Bc4 Bf5 7. O-O e6 8. Bb3 Nd7 9. c4 N5f6 10. Nf3 Bd6 11. h3 O-O 12. Nc3 h6 13. Be3 a6 14.
Bc2 Bxc2 15. Qxc2 Qc7 16. Rfe1 Rfd8 17. Rad1 Bf4 18. a3 Rac8 19. Bxf4 Qxf4 20. Rd3 c5 21. d5 exd5 22. Nxd5 Nxd5 23. Rxd5 Nf6 24. Rf5 Qd6 25. Ne5 Qd2 26. Re2 Qxc2 27. Rxc2 Rd1+ 28. Kh2 Rcd8 29. Ng4 Nxg4+ 30. hxg4 b6 31. b4 cxb4 32. axb4 R1d2 33. Rxd2 Rxd2 34. c5 bxc5 35. bxc5 Rc2 36. Kg3 f6 37. Rd5 Kf7 38. Rd6 Rxc5 39. Rxa6 Kg6 40. f3 Rc4 41. Ra7 Rb4 42. Rc7 Ra4 43. Rb7 Rc4 44. Ra7 Rb4 45.
Rc7 Ra4 46. Rb7 Rc4 47. Ra7 1/2-1/2